 Dungeon Crawl Stone Soup version 0.25-a0-2-g6559c6c67a (webtiles) character file.

Game seed: 5597998059556856186, levelgen mode: deterministic

60287 DEFE the Bludgeoner (level 14, 0/103 HPs)
             Began as a Demonspawn Fighter on Oct 14, 2019.
             Was the Champion of Dithmenos.
             Hit by a silver javelin thrown by a merfolk javelineer (3 damage)
             ... on level 1 of the Orcish Mines.
             The game lasted 00:37:00 (23258 turns).

DEFE the Bludgeoner (Demonspawn Fighter)           Turns: 23258, Time: 00:37:01

Health: 0/103      AC: 20    Str: 22      XL:     14   Next: 56%
Magic:  0/21       EV: 15    Int: 12      God:    Dithmenos [******]
Gold:   1106       SH: 13    Dex: 25 (26) Spells: 13/13 levels left

rFire    + . .     SeeInvis .   T - +4 demon whip (drain)
rCold    + + .     Gourm    .   c - +0 shield
rNeg     . . .     Faith    .   r - +1 plate armour {rF+}
rPois    +         Spirit   +   (helmet restricted)
rElec    +         Reflect  .   (no cloak)
rCorr    .         Harm     .   u - +2 pair of gloves {archery}
MR       +....     Clarity  +   E - +0 pair of boots
Stlth    ..........             o - amulet of Itenemip {Spirit Int+3 Dex+2}
HPRegen  0.27/turn              I - ring "Muick" {rElec EV+4}
MPRegen  0.17/turn              F - ring "Eleammak" {rPois rC++}

@: agile, very slightly contaminated, wreathed by umbra
A: horns 2, talons 1, thin skeletal structure 3, clarity, demonic guardian 1,
deterioration 1, powered by pain 1, robust 1, evolution 1, MP-powered wands
a: Shadow Step, Shadow Form, Renounce Religion


You were on level 1 of the Orcish Mines.
You worshipped Dithmenos.
Dithmenos was exalted by your worship.
You were not hungry.

You visited 4 branches of the dungeon, and saw 19 of its levels.
You also visited: Bailey and Gauntlet.

You collected 1431 gold pieces.
You spent 325 gold pieces at shops.

Inventory:

Hand Weapons
 a - a +0 flail
 s - a cursed +1 flail
 w - a +2 whip of draining
 Q - a +1 demon whip of venom
 T - a +4 demon whip of draining (weapon)
Armour
 c - a +0 shield (worn)
 r - a +1 plate armour of fire resistance (worn)
 u - a +2 pair of gloves of archery (worn)
 E - a +0 pair of boots (worn)
Jewellery
 n - an uncursed ring of wizardry
 o - the amulet of Itenemip (around neck) {Spirit Int+3 Dex+2}
   (You took it off a minotaur in a Gauntlet)

   [amulet of guardian spirit]

   It causes incoming damage to be split between your health and magic.
   It affects your intelligence (+3).
   It affects your dexterity (+2).
 p - an uncursed ring of fire
 F - the ring "Eleammak" (right hand) {rPois rC++}
   (You found it in a Gauntlet)

   [ring of poison resistance]

   It greatly protects you from cold.
   It protects you from poison.
 I - the ring "Muick" (left hand) {rElec EV+4}
   (You found it in a Gauntlet)

   [ring of evasion]

   It affects your evasion (+4).
   It insulates you from electricity.
 R - an uncursed ring of see invisible
 V - an uncursed ring of resist corrosion
 X - the ring "Sera" {rF+ rC+ Dex+2}
   (You found it on level 6 of the Lair of Beasts)

   [ring of protection from fire]

   It affects your dexterity (+2).
   It protects you from fire.
   It protects you from cold.
Wands
 d - a wand of polymorph (1)
 g - a wand of disintegration (11)
 i - a wand of clouds (1)
 y - a wand of enslavement (9)
 N - a wand of digging (6)
 U - a wand of flame (19)
Scrolls
 b - 3 scrolls of holy word
 j - 3 scrolls of teleportation
 l - 2 scrolls of blinking
 m - 13 scrolls of remove curse
 q - a scroll of vulnerability
 v - 4 scrolls of fear
 x - 2 scrolls of magic mapping
 D - 3 scrolls of amnesia
 H - a scroll of torment
 J - a scroll of identify
 L - a scroll of enchant armour
 M - 2 scrolls of acquirement
 W - a scroll of immolation {unknown}
Potions
 h - 4 potions of flight
 k - 9 potions of curing
 t - 2 potions of lignification {unknown}
 z - 3 potions of berserk rage
 A - 4 potions of resistance {unknown}
 B - 2 potions of agility
 C - 3 potions of brilliance
 G - 2 potions of ambrosia
 K - 3 potions of might
 O - a potion of cancellation
 P - 2 potions of haste
Comestibles
 f - 47 rations


   Skills:
 + Level 3.7 Fighting
 - Level 16.0 Maces & Flails
 + Level 10.7 Armour
 + Level 10.6 Shields
 - Level 10.0 Evocations


You had 13 spell levels left.
You didn't know any spells.
Your spell library contained the following spells:

 Spells                   Type           Power        Failure   Level  Hunger
 Animate Skeleton         Necr           N/A          100%        1    ##.....
 Confusing Touch          Hex            #.....       100%        1    ##.....
 Corona                   Hex            #......      100%        1    ##.....
 Freeze                   Ice            #...         100%        1    ##.....
 Infusion                 Chrm           #...         100%        1    ##.....
 Magic Dart               Conj           #...         100%        1    ##.....
 Pain                     Necr           #...         100%        1    ##.....
 Blink                    Tloc           N/A          100%        2    ###....
 Call Imp                 Summ           #.......     100%        2    ###....
 Ensorcelled Hibernation  Hex/Ice        #.....       100%        2    ###....
 Shroud of Golubria       Chrm/Tloc      #.....       100%        2    ###....
 Slow                     Hex            #.......     100%        2    ###....
 Song of Slaying          Chrm           #.......     100%        2    ###....
 Throw Frost              Conj/Ice       #.....       100%        2    ###....
 Confuse                  Hex            #.......     100%        3    ####...
 Conjure Flame            Conj/Fire      #.......     100%        3    ####...
 Dazzling Spray           Conj/Hex       #.....       100%        3    ####...
 Gell's Gravitas          Tloc           #.........   100%        3    ####...
 Inner Flame              Hex/Fire       #.......     100%        3    ####...
 Mephitic Cloud           Conj/Pois/Air  #.......     100%        3    ####...
 Ozocubu's Armour         Chrm/Ice       #.......     100%        3    ####...
 Portal Projectile        Hex/Tloc       #.....       100%        3    ####...
 Regeneration             Chrm/Necr      #.........   100%        3    ####...
 Spectral Weapon          Hex/Chrm       #.......     100%        3    ####...
 Tukima's Dance           Hex            #.......     100%        3    ####...
 Vampiric Draining        Necr           #.........   100%        3    ####...
 Animate Dead             Necr           N/A          100%        4    #####..
 Cause Fear               Hex            #.........   100%        4    #####..
 Leda's Liquefaction      Hex/Erth       #.........   100%        4    #####..
 Petrify                  Tmut/Erth      #.......     100%        4    #####..
 Summon Ice Beast         Ice/Summ       #.......     100%        4    #####..
 Throw Icicle             Conj/Ice       #.......     100%        4    #####..
 Irradiate                Conj/Tmut      #.........   100%        5    ######.
 Metabolic Englaciation   Hex/Ice        #.........   100%        5    ######.
 Yara's Violent Unravell  Hex/Tmut       #.........   100%        5    ######.
 Hydra Form               Tmut           #.........   100%        6    #######
 Statue Form              Tmut/Erth      #........    100%        6    #######
 Dragon Form              Tmut           #.........   100%        7    #######


Dungeon Overview and Level Annotations

Branches:
Dungeon (11/15)            Temple (1/1) D:7            Lair (6/6) D:11
  Swamp (0/4) Lair:2        Snake (0/4) Lair:2        Slime (0/5) Lair:6
    Orc (1/2) D:10         Bailey (visited)         Gauntlet (visited)

Altars:
Cheibriados
Dithmenos
Elyvilon
Fedhas
Hepliaklqana
Kikubaaqudgha
Makhleb
Okawaru
Qazlal
Sif Muna
Trog
Yredelemnul

Shops:
D:7 !   D:8 !

Portals:
Trove: D:11 (give +7 demon blade)

Annotations:
D:9 2 transporters, stillor's ghost, novice CeWr
Lair:3 3 runed translucent doors, Thantalas's ghost, journeyman GnFi
Lair:6 exclusion: 2 oklob plants


Innate Abilities, Weirdness & Mutations

You have a pair of horns on your head.
You have an unnaturally thin skeletal structure. (Dex +6, Stealth++)
A weak demonic guardian rushes to your aid.
You sometimes gain a little power by taking damage.
You have sharp toenails.
You possess an exceptional clarity of mind.
Your body sometimes deteriorates upon taking damage.
You are robust. (+10% HP)
You evolve.
You expend magic power (3 MP) to strengthen your wands.


Message History

You regained 11 hp, and now have 29/103 hp.
Unknown command.
The merfolk javelineer throws a silver javelin.
The silver javelin barely misses your orc knight.
The silver javelin pierces through you!
* * * LOW HITPOINT WARNING * * *
You focus on the pain.
You feel more agile all of a sudden. The silver sears you!
* * * LOW HITPOINT WARNING * * *
You take 21 damage, and have 8/103 hp.
MASSIVE DAMAGE!!
Blink to where?
You are very lightly contaminated with residual magic.
As you read the scroll of blinking, it crumbles to dust.
The merfolk javelineer throws a silver javelin.
The silver javelin pierces through you.
* * * LOW HITPOINT WARNING * * *
The silver sears you!
You die...

##(.#§o§####...
###§o.§m§5..##...
##................
#.(..)........#...
##...........###..
###....)..#.........
#.........##........
#........#####......
#..@.....##.........
###.........).......
##.............#..
###...........##.
###.......###..
##.#........##..
#........#.###..
##.....##.### ##.
#.^.#.##.#.######


You could see a merfolk javelineer and a friendly orc knight.

Vanquished Creatures
  Gastronok (Lair:2)
  A minotaur (Gauntlet)
  The ghost of psellion the Fighter, a journeyman FoFi of the Shining One (Orc:1)
  Josephine (D:10)
  A hydra (Lair:6)
  Erica (D:11)
  2 two-headed ogres
  6 death yaks (Lair:6)
  A sixfirhy (Gauntlet)
  An orc knight (Orc:1)
  A lindwurm (Lair:6)
  An orc sorcerer (Orc:1)
  23 elephants
  2 cyclopes (D:11)
  A wolf spider (shapeshifter) (Gauntlet)
  A shining eye (Gauntlet)
  A hornet (D:8)
  A smoke demon (Gauntlet)
  25 spiny frogs
  A black mamba (Lair:6)
  2 rime drakes
  8 komodo dragons
  2 kobold demonologists (Bailey)
  A queen bee (Lair:6)
  A troll (Orc:1)
  2 polar bears (Lair:6)
  3 tyrant leeches (Lair:6)
  3 meliai (Lair:6)
  18 blink frogs
  4 hippogriffs
  17 dream sheep
  A fire bat (Bailey)
  35 yaks
  3 wraiths (D:10)
  Eustachio (D:6)
  A hungry ghost (D:6)
  A wyvern (Lair:2)
  A basilisk (shapeshifter) (Gauntlet)
  2 basilisks
  7 vampire mosquitoes
  A golden eye (Gauntlet)
  Edmund (D:3)
  2 nagas (Lair:2)
  8 water moccasins
  6 porcupines
  A floating eye (Gauntlet)
  2 black bears
  2 sky beasts
  2 ice beasts
  22 orc warriors
  A necrophage (D:5)
  2 phantoms (D:6)
  6 ogres
  5 centaurs
  12 crocodiles
  A big kobold (D:8)
  22 bullfrogs
  2 gnoll sergeants
  A wyvern skeleton (D:9)
  5 wights (D:8)
  24 killer bees
  2 electric eels (Lair:6)
  2 howler monkeys
  2 centaur zombies
  A bullfrog zombie (D:5)
  7 crimson imps
  2 quasits
  4 hounds
  4 jellies
  6 orc priests
  8 orc wizards
  A centaur skeleton (D:9)
  2 iguanas
  Ijyb (D:4)
  10 worker ants
  3 hound skeletons
  18 adders
  13 gnolls
  3 shadow imps
  3 ufetubi (Gauntlet)
  An ooze (D:4)
  An adder skeleton (D:5)
  An adder zombie (D:7)
  5 worms
  A dart slug (D:3)
  9 leopard geckos
  43 orcs
  A bat (D:1)
  2 bat zombies (D:6)
  6 giant cockroaches
  21 goblins
  11 hobgoblins
  11 jackals
  10 kobolds
  6 quokkas
  A ball python (shapeshifter) (Gauntlet)
  3 frilled lizards (D:1)
  A jackal skeleton (D:4)
  A jackal zombie (D:8)
  A leopard gecko skeleton (D:4)
  8 rats
  A rat zombie (D:6)
551 creatures vanquished.

Vanquished Creatures (collateral kills)
  A hydra (Lair:6)
  A tengu warrior (Orc:1)
  A spiny frog (Lair:4)
  2 dream sheep (Lair:5)
  A killer bee (Lair:6)
  2 orcs (D:10)
  An orc wizard (Orc:1)
9 creatures vanquished.

Vanquished Creatures (others)
  A hornet (D:8)
  A killer bee (D:10)
  3 bushes (Lair:6)
  9 demonic plants (Gauntlet)
  17 fungi
  49 plants
80 creatures vanquished.

Grand Total: 640 creatures vanquished

Notes
Turn   | Place    | Note
-------+----------+-------------------------------------------
     0 | D:1      | DEFE the Demonspawn Fighter began the quest for the Orb.
     0 | D:1      | Reached XP level 1. HP: 18/18 MP: 1/1
    84 | D:1      | Reached skill level 2 in Maces & Flails
    85 | D:1      | DEFE: !polytheist
    85 | D:1      | beem: Unwon gods for DEFE: Beogh, Dithmenos, Elyvilon,
                  | Fedhas, Jiyva, Nemelex Xobeh, Wu Jian, Xom, Yredelemnul
   206 | D:1      | Gained mutation: You have a somewhat thin skeletal
                  | structure. (Dex +2, Stealth) [demonic ancestry]
   206 | D:1      | Reached XP level 2. HP: 24/24 MP: 2/2
   705 | D:2      | Found a hazy altar of Hepliaklqana.
   732 | D:2      | Reached skill level 3 in Maces & Flails
   743 | D:2      | Gained mutation: You have a pair of small horns on your
                  | head. [demonic ancestry]
   743 | D:2      | Reached XP level 3. HP: 17/29 MP: 3/3
  1216 | D:2      | Found a burning altar of Makhleb.
  1216 | D:2      | Found a shadowy altar of Dithmenos.
  1225 | D:2      | Became a worshipper of Dithmenos the Shadowed
  1629 | D:3      | Found a bloodstained altar of Trog.
  1636 | D:3      | Reached skill level 4 in Maces & Flails
  1636 | D:3      | Gained mutation: You have a pair of horns on your head.
                  | [demonic ancestry]
  1636 | D:3      | Reached XP level 4. HP: 28/35 MP: 4/4
  1676 | D:3      | Found a stormy altar of Qazlal.
  2303 | D:4      | Noticed Ijyb
  2304 | D:4      | Noticed Edmund
  2326 | D:3      | Killed Edmund
  2326 | D:3      | Reached skill level 5 in Maces & Flails
  2326 | D:3      | Reached XP level 5. HP: 29/41 MP: 5/5
  2380 | D:3      | Reached * piety under Dithmenos
  2391 | D:4      | Killed Ijyb
  2753 | D:4      | Gained mutation: You sometimes gain a little power by
                  | taking damage. [demonic ancestry]
  2753 | D:4      | Reached XP level 6. HP: 44/47 MP: 6/6
  3365 | D:5      | Entered Level 5 of the Dungeon
  3391 | D:5      | Reached skill level 6 in Maces & Flails
  3963 | D:5      | Reached skill level 7 in Maces & Flails
  3963 | D:5      | Reached XP level 7. HP: 48/51 MP: 7/7
  4345 | D:5      | Found a basalt altar of Yredelemnul.
  4352 | D:5      | Found a snail-covered altar of Cheibriados.
  4534 | D:5      | Reached skill level 8 in Maces & Flails
  5077 | D:6      | Reached ** piety under Dithmenos
  5077 | D:6      | Gained mutation: You have a moderately thin skeletal
                  | structure. (Dex +4, Stealth+) [demonic ancestry]
  5077 | D:6      | Reached XP level 8. HP: 58/58 MP: 8/8
  5456 | D:6      | Reached skill level 9 in Maces & Flails
  5503 | D:6      | Found a white marble altar of Elyvilon.
  5637 | D:6      | Noticed Eustachio
  5683 | D:6      | Killed Eustachio
  5692 | D:6      | Found an ancient bone altar of Kikubaaqudgha.
  5754 | D:6      | Reached skill level 10 in Maces & Flails
  6234 | D:7      | Found a staircase to the Ecumenical Temple.
  6260 | Temple   | Entered the Ecumenical Temple
  6713 | D:7      | Reached XP level 9. HP: 63/63 MP: 9/9
  6845 | D:7      | Reached skill level 11 in Maces & Flails
  7061 | D:7      | Found Idemn's Distillery.
  7064 | D:7      | Bought a potion of might for 44 gold pieces
  7064 | D:7      | Bought a potion of agility for 44 gold pieces
  7064 | D:7      | Bought a potion of might for 44 gold pieces
  7064 | D:7      | Bought a potion of heal wounds for 55 gold pieces
  7064 | D:7      | Bought a potion of heal wounds for 55 gold pieces
  7064 | D:7      | Bought a potion of brilliance for 44 gold pieces
  7277 | D:8      | Reached *** piety under Dithmenos
  7392 | D:8      | Found Mahol's Distillery.
  7619 | D:8      | Reached skill level 12 in Maces & Flails
  7649 | D:8      | Found a blossoming altar of Fedhas.
  7704 | D:8      | Bought a potion of flight for 39 gold pieces
  8264 | D:8      | Got a slimy broad axe
  8265 | D:8      | Identified the cursed +1 broad axe "Lohicief" {antimagic,
                  | rF- MR+ Str+4 Int+8} (You found it on level 8 of the
                  | Dungeon)
  8287 | D:8      | Found a shimmering blue altar of Sif Muna.
  8384 | D:8      | Killed a hornet
  8688 | D:9      | Gained mutation: You have an unnaturally thin skeletal
                  | structure. (Dex +6, Stealth++) [demonic ancestry]
  8688 | D:9      | Reached XP level 10. HP: 65/70 MP: 10/10
  8760 | D:9      | Reached skill level 13 in Maces & Flails
  8979 | D:9      | Found a transporter.
  9077 | D:9      | Noticed a two-headed ogre
  9089 | D:9      | Killed a two-headed ogre
  9367 | D:9      | Identified the +4 great mace "Ogrebane" {venom, Str+7}
  9367 | D:9      | Noticed a two-headed ogre
  9372 | D:9      | Found a transporter.
  9372 | D:9      | Noticed stillor's ghost (novice CeWr)
  9372 | D:9      | Noticed a two-headed ogre
  9455 | D:9      | Reached **** piety under Dithmenos
  9455 | D:9      | Reached skill level 14 in Maces & Flails
  9544 | D:10     | Entered Level 10 of the Dungeon
  9598 | D:10     | Found a staircase to the Orcish Mines.
  9689 | D:10     | Found a flagged portal.
  9702 | Bailey   | Entered a bailey
 10035 | Bailey   | Found an iron altar of Okawaru.
 10037 | Bailey   | Noticed a sun demon
 11038 | Bailey   | Reached XP level 11. HP: 68/75 MP: 11/11
 11277 | D:10     | Got a jewelled great mace
 11283 | D:10     | Identified the +4 great mace "Ytufohe" {crush, Int+6} (You
                  | acquired it on level 10 of the Dungeon)
 11356 | D:10     | Reached skill level 15 in Maces & Flails
 11844 | D:10     | Noticed Josephine
 11898 | D:10     | Killed Josephine
 12443 | D:10     | Reached ***** piety under Dithmenos
 12602 | D:11     | Noticed a two-headed ogre
 12615 | D:11     | Killed a two-headed ogre
 12928 | D:11     | Found a staircase to the Lair.
 12961 | D:11     | Reached skill level 1 in Evocations
 12982 | D:11     | Found a gate leading to a gauntlet.
 12991 | Gauntlet | Entered a Gauntlet
 12991 | Gauntlet | Found a transporter.
 12991 | Gauntlet | Found a transporter.
 12991 | Gauntlet | Found a transporter.
 12991 | Gauntlet | Found a transporter.
 12991 | Gauntlet | Noticed a blizzard demon
 13186 | Gauntlet | Found a transporter.
 13197 | Gauntlet | Found a transporter.
 13262 | Gauntlet | Found a transporter.
 13271 | Gauntlet | Noticed a sixfirhy
 13276 | Gauntlet | Found a transporter.
 13287 | Gauntlet | Found a transporter.
 13296 | Gauntlet | Noticed a shining eye
 13297 | Gauntlet | Found a transporter.
 13312 | Gauntlet | Found a transporter.
 13314 | Gauntlet | Noticed a harpy
 13318 | Gauntlet | Found a transporter.
 13325 | Gauntlet | Noticed a fire crab
 13325 | Gauntlet | a harpy changed into a fire crab
 13326 | Gauntlet | a fire crab changed into an elephant
 13347 | Gauntlet | Noticed a mana viper
 13347 | Gauntlet | an elephant changed into a mana viper
 13355 | Gauntlet | Noticed a death drake
 13355 | Gauntlet | a mana viper changed into a death drake
 13377 | Gauntlet | Noticed a fire crab
 13377 | Gauntlet | a floating eye changed into a fire crab
 13387 | Gauntlet | a death drake changed into a cyclops
 13441 | Gauntlet | Noticed a harpy
 13452 | Gauntlet | Got a slimy copper ring
 13455 | Gauntlet | Identified the ring "Muick" {rElec EV+4} (You found it in a
                  | Gauntlet)
 13478 | Gauntlet | Noticed an orb spider
 13478 | Gauntlet | a golden eye changed into an orb spider
 13490 | Gauntlet | a harpy changed into a meliai
 13500 | Gauntlet | an orb spider changed into a soldier ant
 13550 | Gauntlet | Killed a sixfirhy
 13825 | Gauntlet | Gained mutation: Your magical capacity is low. (-10% MP) [a
                  | shining eye]
 13826 | Gauntlet | Paralysed by a floating eye for 2 turns
 13833 | Gauntlet | Gained mutation: You are frail. (-10% HP) [a shining eye]
 13835 | Gauntlet | Paralysed by a floating eye for 4 turns
 13838 | Gauntlet | Gained mutation: Armour fits poorly on your strangely
                  | shaped body. [a shining eye]
 13850 | Gauntlet | Gained mutation: Your body sometimes deteriorates upon
                  | taking damage. [a shining eye]
 13856 | Gauntlet | Gained mutation: You tend to lose your temper in combat. [a
                  | shining eye]
 13858 | Gauntlet | Killed a shining eye
 13872 | Gauntlet | Lost mutation: Your magical capacity is low. (-10% MP)
                  | [potion of mutation]
 13872 | Gauntlet | Lost mutation: You are frail. (-10% HP) [potion of
                  | mutation]
 13872 | Gauntlet | Lost mutation: Armour fits poorly on your strangely shaped
                  | body. [potion of mutation]
 13872 | Gauntlet | Lost mutation: You tend to lose your temper in combat.
                  | [potion of mutation]
 13872 | Gauntlet | Gained mutation: You have a pair of large horns on your
                  | head. [potion of mutation]
 13872 | Gauntlet | Gained mutation: You have sharp toenails. [potion of
                  | mutation]
 13872 | Gauntlet | Gained mutation: You are dopey. (Int -2) [potion of
                  | mutation]
 13872 | Gauntlet | Gained mutation: You evolve. [potion of mutation]
 13873 | Gauntlet | Lost mutation: You have sharp toenails. [potion of
                  | mutation]
 13873 | Gauntlet | Lost mutation: You have a pair of large horns on your head.
                  | [potion of mutation]
 13873 | Gauntlet | Lost mutation: You are dopey. (Int -2) [potion of mutation]
 13873 | Gauntlet | Gained mutation: You have sharp toenails. [potion of
                  | mutation]
 13873 | Gauntlet | Gained mutation: You are dopey. (Int -2) [potion of
                  | mutation]
 13873 | Gauntlet | Lost mutation: You are dopey. (Int -2) [potion of mutation]
 14020 | Gauntlet | Noticed a wolf spider
 14039 | Gauntlet | Killed a wolf spider
 14039 | Gauntlet | Reached skill level 5 in Armour
 14039 | Gauntlet | Reached skill level 5 in Shields
 14062 | Gauntlet | Got a twitching silver ring
 14064 | Gauntlet | Identified the ring "Eleammak" {rPois rC++} (You found it
                  | in a Gauntlet)
 14099 | Gauntlet | Identified the amulet of Itenemip {Spirit Int+3 Dex+2}
 14099 | Gauntlet | Noticed a minotaur
 14126 | Gauntlet | Killed a minotaur
 14126 | Gauntlet | Reached XP level 12. HP: 28/81 MP: 2/14
 14559 | D:11     | Gained mutation: You are robust. (+10% HP) [evolution]
 14708 | D:11     | Found a portal to a secret trove of treasure.
 14723 | D:11     | Noticed Erica
 14899 | D:11     | Killed Erica
 15247 | Lair:1   | Entered Level 1 of the Lair of Beasts
 15269 | Lair:1   | Found a basalt altar of Yredelemnul.
 15417 | Lair:1   | You fall into a shaft and drop 1 floor!
 15469 | Lair:2   | Reached skill level 5 in Evocations
 16401 | Lair:2   | Found a staircase to the Snake Pit.
 16431 | Lair:2   | Found a staircase to the Swamp.
 16591 | Lair:2   | Noticed Gastronok
 16610 | Lair:2   | Killed Gastronok
 17818 | Lair:3   | Found a runed translucent gate.
 17818 | Lair:3   | Found a runed translucent gate.
 17818 | Lair:3   | Found a runed translucent gate.
 17818 | Lair:3   | Noticed Thantalas's ghost (journeyman GnFi)
 18096 | Lair:3   | Gained mutation: A weak demonic guardian rushes to your
                  | aid. [demonic ancestry]
 18096 | Lair:3   | Reached XP level 13. HP: 94/94 MP: 16/18
 18455 | Lair:4   | Gained mutation: You expend magic power (3 MP) to
                  | strengthen your wands. [evolution]
 19488 | Lair:5   | Reached ****** piety under Dithmenos
 19862 | Lair:6   | Entered Level 6 of the Lair of Beasts
 20780 | Lair:6   | Found a staircase to the Slime Pits.
 21002 | Lair:5   | Gained mutation: You possess an exceptional clarity of
                  | mind. [evolution]
 21301 | Lair:6   | Reached XP level 14. HP: 92/102 MP: 19/21
 21627 | Lair:6   | Reached skill level 10 in Armour
 21657 | Lair:6   | Reached skill level 10 in Shields
 21664 | Lair:6   | Reached skill level 10 in Evocations
 22243 | Lair:6   | Reached skill level 16 in Maces & Flails
 22515 | Lair:6   | Got a shimmering pewter ring
 22516 | Lair:6   | Identified the ring "Sera" {rF+ rC+ Dex+2} (You found it on
                  | level 6 of the Lair of Beasts)
 22779 | Orc:1    | Entered Level 1 of the Orcish Mines
 23158 | Orc:1    | Found a runed translucent gate.
 23162 | Orc:1    | Found a runed translucent gate.
 23164 | Orc:1    | Found a runed translucent gate.
 23181 | Orc:1    | Noticed psellion's ghost (journeyman FoFi)
 23182 | Orc:1    | Found an iron altar of Okawaru.
 23243 | Orc:1    | Killed psellion's ghost
 23258 | Orc:1    | HP: 3/103 [merfolk javelineer/silver javelin (5)]
 23258 | Orc:1    | Hit by a silver javelin thrown by a merfolk javelineer

Levels and vault maps discovered:
D:1:      ncdulo_halloftheorcs, layout_basic
D:2:      layout_basic, chequers_temple_overflow_statue_of_worship,
          nicolae_overflow_crystal_walls, serial_bayou, serial_bayou_ford_a,
          serial_bayou_pond_a, serial_bayou_pond_e, serial_bayou_lagoon_b,
          serial_bayou_pond_c, serial_bayou_pond_e, first_ration
D:3:      layout_loops_cross, lemuel_crystal_altar, lemuel_crystal_altar
D:4:      layout_cave_pods, uniq_edmund, uniq_ijyb
D:5:      layout_basic, amethyst_overflow_temple_binary
D:6:      layout_layer_cave, lemuel_zombie_altar_kikubaaqudgha,
          elyvilon_altar_1, uniq_eustachio
D:7:      layout_cave_pools, minmay_temple_entry_offerings, serial_shops,
          nicolae_shop_behind_doors
D:8:      layout_cave_pools, led_sif_pool, nicolae_overflow_hidden_temple,
          serial_shops, shop, hangedman_pestilent_swarm, minmay_misc_feat_chi,
          grunt_ministairs_6
D:9:      layout_rooms, gammafunk_ghost_smash, grunt_tough_drop
D:10:     layout_irregular_city, david_orc_3, enter_bailey_7, uniq_josephine
D:11:     layout_rooms, david_lair_generic, nicolae_trove_entry_free_sample,
          gauntlet_entry_generic, minmay_misc_feat_cross,
          kennysheep_minor_cross, uniq_erica
Temple:   kb_corrupted_temple
Lair:1:   layout_layer_cave, basic_altar, lemuel_fruit_tree
Lair:2:   layout_hall_layers, swamp_mist, guppyfry_snake_entry_island,
          uniq_gastronok
Lair:3:   layout_regular_city, ebering_ghost_rock_garden, serial_bayou_pond_e,
          serial_bayou_shore_b
Lair:4:   layout_concentric_octagons
Lair:5:   layout_long_grid, serial_bayou_shore_b
Lair:6:   minmay_lair_end_frog_pond, layout_misc_corridors,
          minmay_slime_entry_oklob_enclosed, special_room [special_room_bee]
Orc:1:    nicolae_orc_accident_3, layout_diamond_mine,
          gammafunk_ghost_fury_of_okawaru

Skill      XL: |  1  2  3  4  5  6  7  8  9 10 11 12 13 14 |
---------------+-------------------------------------------+-----
Maces & Flails | 2 3 4 5 7 8 10 12 14 15 16 | 16.0
Armour         | 5 7 9 10 | 10.7
Shields        | 5 7 9 10 | 10.6
Evocations     | 3 7 9 10 | 10.0
Fighting       | |  3.7

Action                   |  1- 3 |  4- 6 |  7- 9 | 10-12 | 13-15 || total
-------------------------+-------+-------+-------+-------+-------++-------
Melee: Flail             |   125 |   139 |   238 |       |       ||   502
       Headbutt          |     9 |    22 |   134 |   302 |   230 ||   697
       Unarmed           |       |     5 |       |       |       ||     5
       Whip              |       |       |   275 |   908 |       ||  1183
       Demon whip        |       |       |       |   135 |   753 ||   888
Evoke: Wand              |       |       |     1 |    10 |     5 ||    16
  Use: Potion            |       |     1 |     5 |    11 |     1 ||    18
       Scroll            |       |       |    10 |     8 |     8 ||    26
 Stab: Confused          |       |     1 |       |     8 |       ||     9
       Distracted        |       |       |       |       |    10 ||    10
  Eat: Chunk             |     3 |     2 |    12 |     3 |     5 ||    25
       Ration            |       |     2 |     2 |     8 |     4 ||    16
Armor: Scale mail        |    52 |       |       |       |       ||    52
       Plate armour      |    19 |    79 |   275 |   467 |   232 ||  1072
Dodge: Dodged            |    30 |    20 |    66 |   222 |   185 ||   523
Block: Shield            |    73 |    63 |   234 |   456 |   331 ||  1157

Table legend:
 A = Non-vault XP
 B = Vault XP
 C = Vault XP percentage of total XP
 D = Non-vault monster count
 E = Vault monster count
 F = Vault count percentage of total count
                 A         B        C        D         E       F
            +---------+---------+-------+---------+---------+-------
      Total |   53907 |   32218 |  37.4 |     384 |     177 |  31.6
            +---------+---------+-------+---------+---------+-------
        D:1 |      22 |       0 |   0.0 |      14 |       0 |   0.0
        D:2 |      63 |       0 |   0.0 |      20 |       0 |   0.0
        D:3 |      76 |     164 |  68.3 |      21 |       1 |   4.5
        D:4 |      65 |      36 |  35.6 |       9 |       1 |  10.0
        D:5 |     728 |       0 |   0.0 |      21 |       0 |   0.0
        D:6 |     922 |     207 |  18.3 |      21 |       4 |  16.0
        D:7 |     750 |       0 |   0.0 |      23 |       0 |   0.0
        D:8 |    1449 |     814 |  36.0 |      42 |       5 |  10.6
        D:9 |    2653 |     349 |  11.6 |      14 |       3 |  17.6
       D:10 |     769 |    1851 |  70.6 |      15 |      16 |  51.6
       D:11 |    4978 |    1967 |  28.3 |      28 |       5 |  15.2
     Temple |     146 |       0 |   0.0 |       3 |       0 |   0.0
     Lair:1 |    2081 |       0 |   0.0 |       9 |       0 |   0.0
     Lair:2 |    1561 |    2514 |  61.7 |      10 |       3 |  23.1
     Lair:3 |    7582 |       0 |   0.0 |      24 |       0 |   0.0
     Lair:4 |     801 |       0 |   0.0 |       3 |       0 |   0.0
     Lair:5 |    7618 |     190 |   2.4 |      28 |       1 |   3.4
     Lair:6 |   19861 |   14375 |  42.0 |      59 |      72 |  55.0
      Orc:1 |    1782 |    2858 |  61.6 |      20 |       8 |  28.6
     Bailey |       0 |    2675 | 100.0 |       0 |      42 | 100.0
   Gauntlet |       0 |    4218 | 100.0 |       0 |      16 | 100.0
            +---------+---------+-------+---------+---------+-------
